 Dungeon Crawl Stone Soup version 0.27-a0-679-g77a6b55cf3 (webtiles) character file.

Game seed: 14221945218109211329

23 Lanoc the Stinger (level 2, -9/25 HPs)
             Began as a Naga Wanderer on Mar 18, 2021.
             Mangled by an ogre
             ... wielding a +0 giant spiked club
              (16 damage)
             ... on level 3 of the Dungeon.
             The game lasted 00:01:20 (538 turns).

Lanoc the Stinger (Naga Wanderer)                    Turns: 538, Time: 00:01:21

Health: -9/25      AC:  1    Str: 18    XL:     2   Next: 95%
Magic:  0/5        EV:  9    Int: 10    God:
Gold:   27         SH:  0    Dex:  8    Spells: 4/5 levels left

rFire    . . .     SeeInvis +   a - +0 club
rCold    . . .     Faith    .   (no shield)
rNeg     . . .     Spirit   .   d - +0 robe
rPois    +         Reflect  .   (no helmet)
rElec    .         Harm     .   (no cloak)
rCorr    .         Rampage  .   (no gloves)
Will     .....                  (no barding)
Stlth    ++........             (no amulet)
HPRegen  0.08/turn              (no ring)
MPRegen  0.09/turn              (no ring)

@: very slightly contaminated, very slow
A: AC +0, large, see invisible, deformed body, poison resistance, slowness 2,
spit poison 1, naga tail 1
a: Spit Poison


You were on level 3 of the Dungeon.
You visited 1 branch of the dungeon, and saw 3 of its levels.

You collected 27 gold pieces.

Inventory:

Hand Weapons
 a - a +0 club (weapon)
Armour
 d - a +0 robe (worn)
Wands
 c - a wand of random effects (15) (quivered)
Scrolls
 b - a scroll of identify {unknown}
Potions
 e - a potion of haste {unknown}
 f - 2 potions of brilliance {unknown}


   Skills:
 + Level 1.0 Fighting
 + Level 2.5 Stealth
 - Level 2.0 Spellcasting
 - Level 1.0 Necromancy
 - Level 3.0 Translocations
 * Level 3.7 Poison Magic
 - Level 1.0 Evocations


You had 4 spell levels left.
You knew the following spells:

 Your Spells              Type           Power      Damage    Failure   Level
a - Sting                 Tmut/Pois      16%        1d3       14%         1

Your spell library contained the following spells:

 Spells                   Type           Power      Damage    Failure   Level
 Poisonous Vapours        Pois/Air       8%         N/A       22%         2
 Foxfire                  Conj/Fire      4%         2x1d4     30%         1
 Ignite Poison            Fire/Tmut/Pois 3%         N/A       50%         3
 Mephitic Cloud           Conj/Pois/Air  3%         N/A       50%         3
 Olgreb's Toxic Radiance  Pois           8%         N/A       56%         4


Dungeon Overview and Level Annotations

Branches:
Dungeon (3/15)

Altars:


Innate Abilities, Weirdness & Mutations

Your serpentine skin is tough. (AC +0)
You have supernaturally acute eyesight. (SInv)
Armour fits poorly on your strangely shaped body.
Your system is resistant to poisons. (rPois)
You cover ground very slowly.
You can spit poison.
You have a snake-like lower body.


Message History

Nothing appears to happen.
Casting: Sting (safe; 14% risk of failure)
Confirm with . or Enter, or press ? or * to list all spells.
Aiming: Sting (safe; 14% risk of failure)
Press: ? - help, Shift-Dir - straight line, f/p - ogre
Aim: an ogre, wielding a +0 giant spiked club (lightly wounded, poisoned, 17% to evade)
The sting hits the ogre.
The ogre looks even sicker.
The ogre is lightly wounded.
You have got your breath back.
Casting: Sting (safe; 14% risk of failure)
Confirm with . or Enter, or press ? or * to list all spells.
Aiming: Sting (safe; 14% risk of failure)
Press: ? - help, Shift-Dir - straight line, f/p - ogre
Aim: an ogre, wielding a +0 giant spiked club (lightly wounded, very poisoned, 17% to evade)
The sting hits the ogre.
The ogre looks even sicker.
The ogre is moderately wounded.
The ogre completely misses you.
Casting: Sting (safe; 14% risk of failure)
Confirm with . or Enter, or press ? or * to list all spells.
Aiming: Sting (safe; 14% risk of failure)
Press: ? - help, Shift-Dir - straight line, f/p - ogre
Aim: an ogre, wielding a +0 giant spiked club (moderately wounded, very poisoned, 17% to evade)
The sting hits the ogre.
The ogre looks as sick as possible!
The ogre is heavily wounded.
The ogre hits you with a +0 giant spiked club!!
Ouch! That really hurt!
* * * LOW HITPOINT WARNING * * *
Casting: Sting (safe; 14% risk of failure)
Confirm with . or Enter, or press ? or * to list all spells.
Aiming: Sting (safe; 14% risk of failure)
Press: ? - help, Shift-Dir - straight line, f/p - ogre
Aim: an ogre, wielding a +0 giant spiked club (heavily wounded, extremely poisoned, 17% to evade)
The sting hits the ogre.
The ogre looks as sick as possible!
The ogre is heavily wounded.
The ogre closely misses you.
You hit the ogre.
The ogre is severely wounded.
The ogre hits you with a +0 giant spiked club!
Ouch! That really hurt!
You die...

#. #. (# .## #.# ..#
#.# #.# ##.## ####
#.# ##...##
###...###.###.....#
##.................#
#...."O@..####.....#
#.........#
##....###
#........##
#.....>.# ##......##
#.#.#.#.# ...#....#
####.#.#.#.#
##....#..
....#.#.#.# ##.#.###
#..#.#...# #.#.
#.)#.##..#
#..>.##).#


You could see an ogre (extremely poisoned).

Vanquished Creatures
  An adder (D:2)
  A ball python (D:2)
  A giant cockroach (D:2)
  2 hobgoblins (D:1)
  5 kobolds
  A frilled lizard (D:2)
  A rat (D:2)
12 creatures vanquished.

Notes
Turn   | Place    | Note
-------+----------+-------------------------------------------
     0 | D:1      | Lanoc the Naga Wanderer began the quest for the Orb.
     0 | D:1      | Lanoc set off with the following items: a +0 club, a wand
                  | of random effects (15), a +0 robe; and the following spells
                  | available to memorise: Sting, Poisonous Vapours, Foxfire,
                  | Ignite Poison, Mephitic Cloud, Olgreb's Toxic Radiance
     0 | D:1      | Reached XP level 1. HP: 15/15 MP: 3/3
     2 | D:1      | Learned a level 1 spell: Sting
   146 | D:2      | Reached XP level 2. HP: 17/24 MP: 0/5
   315 | D:2      | Reached skill level 1 in Fighting
   530 | D:3      | Noticed an ogre
   538 | D:3      | Mangled by an ogre

Illustrated notes

Levels and vault maps discovered:
D:1:      lemuel_arrival_broad_hall, layout_loops_corners
D:2:      layout_loops_ring
D:3:      layout_loops_ring, okawaru_metal_pillars_1_2, marbit_many_paths,
          gammafunk_temple_overflow_pools, lemuel_flame_loot_1

Skill      XL: |  1  2 |
---------------+-------+-----
Poison Magic   | 3 |  3.7
Stealth        | 2 |  2.5
Fighting       | 1 |  1.0
Spellcasting   | |  2.0
Necromancy     | |  1.0
Translocations | |  3.0
Evocations     | |  1.0

Action                   || total
-------------------------++-------
Melee: Club              ||     8
 Cast: Sting             ||    14
 Abil: Spit Poison       ||    10
Armor: Robe              ||     2
Dodge: Dodged            ||    11

Table legend: (Time is in decaauts)
 A = Elapsed time spent in this place.
 B = Non-inter-level travel time spent in this place.
 C = Inter-level travel time spent in this place.
 D = Time resting spent in this place.
 E = Time spent auto-exploring this place.
 F = Levels seen in this place.
 G = Mean time per level.
                   A        B        C        D        E       F      G
               +--------+--------+--------+--------+--------+-----+--------+
         Total |    648 |    608 |     40 |     21 |    493 |   3 |  216.0 |
       Dungeon |    648 |    608 |     40 |     21 |    493 |   3 |  216.0 |
               +--------+--------+--------+--------+--------+-----+--------+

Top non-repeatable levels by time:
     D:2: 531 daAuts
     D:1: 62 daAuts
     D:3: 54 daAuts
